[Event "Titled Tuesday Blitz May 03 Early 2022"]
[White "Estrada Nieto, Julian"]
[Black "Puccini, Jack"]
[WhiteFideId "5101018"]
[BlackFideId "3213307"]
[WhiteElo "2252"]
[BlackElo "2352"]
[Result "0-1"]
[Round "07"]
[TimeControl "180+1"]
[Date "2022.05.03"]
[WhiteClock "0:00:02"]
[BlackClock "0:00:32"]

1. e4 d5 2. exd5 Qxd5 3. Nc3 Qd8 4. Nf3 Nf6 5. d4 Bg4 6. Bc4 e6 7. h3 Bxf3 8. Qxf3 c6 9. Be3 Nbd7 10. O-O Bd6 11. Ne4 Nxe4 12. Qxe4 Nf6 13. Qf3 Nd5 14. Bd2 Qf6 15. Qxf6 gxf6 16. g3 Rg8 17. Kh1 f5 18. Bd3 h5 19. h4 f4 20. gxf4 Rg4 21. Rg1 Rxh4+ 22. Kg2 Bxf4 23. Bxf4 Rxf4 24. c3 Ke7 25. Rh1 Rg8+ 26. Kf1 h4 27. Ke2 Rg2 28. Raf1 b5 29. Ke1 f6 30. Rh3 e5 31. dxe5 fxe5 32. Be2 e4 33. a3 Kf6 34. c4 bxc4 35. Bxc4 Ke5 36. Rb3 Kd4 37. Be2 c5 38. Rb8 h3 39. Rd8 h2 40. Rh8 c4 41. Rh3 c3 42. bxc3+ Nxc3 43. Ba6 Rf3 44. Rh8 Nd5 45. Rh5 Rxa3 46. Be2 Nc3 47. Bb5 Nxb5 0-1


[Site "https://www.chess.com"]

[Event "Titled Tuesday Blitz May 03 Early 2022"]
[White "Eynullayev, Atilla"]
[Black "Aradhya, Garg"]
[WhiteFideId "13413570"]
[BlackFideId "25006746"]
[WhiteElo "2515"]
[BlackElo "2737"]
[Result "1-0"]
[Round "07"]
[TimeControl "180+1"]
[Date "2022.05.03"]
[WhiteClock "0:00:15"]
[BlackClock "0:00:14"]

1. e4 e5 2. Nf3 Nc6 3. Bb5 a6 4. Ba4 Bc5 5. O-O d6 6. c3 Bd7 7. d4 Ba7 8. Be3 Nge7 9. Nbd2 O-O 10. h3 exd4 11. cxd4 d5 12. exd5 Nxd5 13. Bg5 f6 14. Bh4 Kh8 15. Ne4 Nce7 16. Bb3 Bf5 17. Nc5 b6 18. Nd3 a5 19. Bg3 Qd7 20. Rc1 Rfd8 21. Re1 Rac8 22. a4 h6 23. Bc4 Nb4 24. Nf4 Ned5 25. Nh4 Nxf4 26. Bxf4 Re8 27. Qh5 Bh7 28. Bf7 Rxe1+ 29. Rxe1 Rf8 30. Be6 Qe8 31. Qd1 Bb8 32. Bf5 Qf7 33. Bxh7 Kxh7 34. Nf5 Re8 35. Rxe8 Qxe8 36. Qg4 Qg6 37. Ne7 Qxg4 38. hxg4 g5 39. Bg3 Kg7 40. Nf5+ Kg6 41. Kf1 h5 42. f3 hxg4 43. fxg4 Nd5 44. Ke2 Kf7 45. Kd3 Ba7 46. Ke4 c6 47. Nd6+ Ke6 48. Nc8 b5 49. Nxa7 bxa4 50. Nxc6 a3 51. bxa3 Nc3+ 52. Kd3 Nb5 53. Nxa5 Nxa3 54. Nc4 Nb5 55. Ne3 Kf7 56. Ke4 Nc3+ 57. Kf5 Ne2 58. Bd6 Nxd4+ 59. Ke4 Ne2 60. Nf5 Ke6 61. Bh2 Nc3+ 62. Kf3 Nd5 63. Ng3 Nc3 64. Bg1 Nd5 65. Bd4 Kf7 66. Ke4 Ne7 67. Nh5 Ng8 68. Kf5 Nh6+ 69. Ke4 Nxg4 70. Kf3 f5 71. Ng3 Kg6 72. Ne2 Nh6 73. g3 f4 74. g4 Nf7 75. Nc3 Nd6 76. Ne4 Nc4 77. Bf6 Nd2+ 78. Nxd2 Kxf6 79. Ne4+ Kg6 80. Ke2 Kh6 81. Kd3 Kg6 82. Kd4 Kh6 83. Ke5 Kg6 84. Ke6 f3 85. Ke5 Kh6 86. Kf5 Kg7 87. Nf2 Kh6 88. Kf6 Kh7 89. Kxg5 Kg7 90. Kf5 Kh6 91. g5+ Kg7 92. Kg4 Kg6 93. Kf4 Kh5 94. Kf5 Kh4 95. g6 Kg3 96. Ne4+ Kg2 97. g7 f2 98. g8=Q+ Kh2 99. Qh7+ Kg1 100. Nxf2 Kxf2 101. Qh3 Ke2 102. Ke4 Kd2 103. Qd3+ Kc1 104. Qe2 Kb1 105. Kd3 Ka1 106. Kc3 Kb1 107. Qb2# 1-0


[Site "https://www.chess.com"]

[Event "Titled Tuesday Blitz May 03 Early 2022"]
[White "Fiorito, Fabian"]
[Black "Melikyan, Gnel"]
[WhiteFideId "100200"]
[BlackFideId "54109990"]
[WhiteElo "2395"]
[BlackElo "1772"]
[Result "1-0"]
[Round "07"]
[TimeControl "180+1"]
[Date "2022.05.03"]
[WhiteClock "0:01:47"]
[BlackClock "0:01:22"]

1. d4 Nf6 2. Nc3 d5 3. Bf4 c6 4. e3 Qb6 5. Rb1 Bf5 6. Qd2 Nbd7 7. Bd3 e6 8. Nge2 Bxd3 9. cxd3 Be7 10. O-O O-O 11. a3 a5 12. Rfc1 Rfc8 13. Bg5 h6 14. Bh4 Qb3 15. e4 Kh8 16. Ng3 Rd8 17. Nh5 Nxe4 18. dxe4 Bxh4 19. Qf4 Bg5 20. Qxf7 Rg8 21. f4 Bf6 22. e5 1-0


[Site "https://www.chess.com"]

[Event "Titled Tuesday Blitz May 03 Early 2022"]
[White "Gatterer, Florian"]
[Black "Martin Carmona, Gaston Manuel"]
[WhiteFideId "811688"]
[BlackFideId "22284567"]
[WhiteElo "2218"]
[BlackElo "2146"]
[Result "1-0"]
[Round "07"]
[TimeControl "180+1"]
[Date "2022.05.03"]
[WhiteClock "0:00:06"]
[BlackClock "0:02:04"]

1. d4 Nf6 2. Nf3 e6 3. Bf4 d5 4. Nbd2 Bd6 5. e3 c5 6. dxc5 Bxc5 7. Bd3 O-O 8. O-O Nc6 9. c4 d4 10. Nb3 Bb6 11. Nbxd4 Nxd4 12. exd4 Bd7 13. Bd6 Re8 14. c5 Bc7 15. Bxc7 Qxc7 16. Ne5 Rad8 17. Qc2 Bc8 18. Nf3 Bd7 19. Rfd1 Bc6 20. Ne5 g6 21. Nc4 Rxd4 22. Nd6 Rd8 23. Qc3 e5 24. Bc4 Bd5 25. Rxd4 exd4 26. Qxd4 Bxc4 27. Qxf6 Rf8 28. Nxc4 Qxc5 29. Ne3 h5 30. Qc3 Qg5 31. h3 h4 32. Rd1 b6 33. Qd4 Qa5 34. a3 Qa6 35. Qd3 Qa4 36. Qd2 Rc8 37. Qd4 Qa5 38. Qxh4 Rf8 39. Ng4 b5 40. Nf6+ Kg7 41. Nh5+ gxh5 42. Qg5+ Kh7 43. Qxh5+ Kg7 44. Qg5+ Kh7 45. Rd4 Qe1+ 46. Kh2 Qxf2 47. Rh4+ Qxh4 48. Qxh4+ Kg6 49. Qg4+ Kh7 50. Qf5+ Kg7 51. Qxb5 Re8 52. Qb7 Re6 53. Qxa7 Rg6 54. Qb7 Re6 55. a4 Rg6 56. a5 Re6 57. a6 Re5 58. a7 Ra5 59. a8=Q Rxa8 60. Qxa8 1-0


[Site "https://www.chess.com"]

[Event "Titled Tuesday Blitz May 03 Early 2022"]
[White "Gharibyan, Mamikon"]
[Black "Laohawirapap, Prin"]
[WhiteFideId "13308300"]
[BlackFideId "6205003"]
[WhiteElo "2254"]
[BlackElo "1832"]
[Result "1-0"]
[Round "07"]
[TimeControl "180+1"]
[Date "2022.05.03"]
[WhiteClock "0:00:15"]
[BlackClock "0:00:06"]

1. d4 Nf6 2. c4 g6 3. Nc3 Bg7 4. e4 d6 5. Nf3 O-O 6. Be2 e5 7. O-O Nc6 8. d5 Ne7 9. b4 a5 10. bxa5 Rxa5 11. a4 Ne8 12. Re1 f5 13. Ng5 h6 14. Ne6 Bxe6 15. dxe6 Qc8 16. Rb1 b6 17. Bd2 Qxe6 18. exf5 gxf5 19. f4 e4 20. Nd5 Ra8 21. Be3 Kh7 22. Kh1 Ra7 23. g4 Nf6 24. Nxe7 Qxe7 25. gxf5 Rfa8 26. Rg1 Rxa4 27. Bh5 Nxh5 28. Qxh5 Qf6 29. Rg6 Qc3 30. Rbg1 Ra2 31. f6 Bf8 32. Rxh6+ Bxh6 33. Qg6+ Kh8 34. Qxh6# 1-0


[Site "https://www.chess.com"]

[Event "Titled Tuesday Blitz May 03 Early 2022"]
[White "Hakobyan, Aram"]
[Black "Nagy, Gabor"]
[WhiteFideId "13306677"]
[BlackFideId "737119"]
[WhiteElo "2557"]
[BlackElo "2534"]
[Result "0-1"]
[Round "07"]
[TimeControl "180+1"]
[Date "2022.05.03"]
[WhiteClock "0:00:43"]
[BlackClock "0:01:27"]

1. d4 Nf6 2. c4 g6 3. g3 Bg7 4. Bg2 O-O 5. Nc3 d6 6. Nf3 Nbd7 7. O-O c6 8. h3 e5 9. dxe5 dxe5 10. Be3 Qe7 11. Qb3 Re8 12. Rfd1 b6 13. Ng5 Bb7 14. Nb5 cxb5 15. Bxb7 Nc5 16. Bxc5 Qxb7 17. Qxb5 h6 18. Nf3 e4 19. Nd4 Qc8 20. Bd6 Qxh3 21. g4 Qxg4+ 22. Kf1 e3 23. f3 Qh3+ 24. Kg1 Ng4 25. Qd7 h5 26. Bc7 Be5 27. Bxe5 Rxe5 28. fxg4 Re4 0-1


[Site "https://www.chess.com"]

[Event "Titled Tuesday Blitz May 03 Early 2022"]
[White "Hansen, Eric"]
[Black "Zhu, Jiner"]
[WhiteFideId "2606771"]
[BlackFideId "8608059"]
[WhiteElo "2568"]
[BlackElo "2281"]
[Result "1-0"]
[Round "07"]
[TimeControl "180+1"]
[Date "2022.05.03"]
[WhiteClock "0:00:39"]
[BlackClock "0:00:11"]

1. e4 e5 2. Nf3 Nc6 3. Bb5 a6 4. Ba4 Nf6 5. O-O Be7 6. Re1 b5 7. Bb3 O-O 8. h3 Bb7 9. d3 d5 10. exd5 Nxd5 11. a4 Nd4 12. Nxd4 exd4 13. Nd2 Re8 14. Nf3 Bf6 15. Rxe8+ Qxe8 16. Ng5 h6 17. Ne4 Be7 18. Qg4 Qc6 19. axb5 axb5 20. Rxa8+ Bxa8 21. Bxh6 Qxh6 22. Qc8+ Kh7 23. Qxa8 Qc1+ 24. Kh2 Bd6+ 25. g3 Ne3 26. Bxf7 Nf1+ 27. Kg2 Ne3+ 28. fxe3 Qxc2+ 29. Nf2 1-0


[Site "https://www.chess.com"]

[Event "Titled Tuesday Blitz May 03 Early 2022"]
[White "Dronavalli, Harika"]
[Black "Jaskolka, Tomasz"]
[WhiteFideId "5015197"]
[BlackFideId "1170791"]
[WhiteElo "2382"]
[BlackElo "2073"]
[Result "1-0"]
[Round "07"]
[TimeControl "180+1"]
[Date "2022.05.03"]
[WhiteClock "0:00:34"]
[BlackClock "0:00:05"]

1. e4 c5 2. c3 Nf6 3. e5 Nd5 4. Nf3 e6 5. d4 cxd4 6. cxd4 d6 7. Bc4 Be7 8. O-O Qc7 9. Qe2 O-O 10. a3 b6 11. Bd2 Bb7 12. Rc1 Qd7 13. Nc3 Nxc3 14. Bxc3 Nc6 15. Rd1 dxe5 16. dxe5 Qc7 17. h4 Rfd8 18. Bd3 h6 19. Qe4 g6 20. Qe3 Bf8 21. h5 Ne7 22. hxg6 fxg6 23. Bb4 Nf5 24. Bxf5 exf5 25. Bxf8 Rxf8 26. Rd6 Kh7 27. Rad1 Rad8 28. Nh4 Rxd6 29. exd6 Qd7 30. Re1 Rf7 31. Qe6 Rg7 32. Qxd7 Rxd7 33. Re6 Bd5 34. Rxg6 Bf7 35. Rf6 Kg7 36. Rxf5 Rxd6 37. Re5 Rd1+ 38. Kh2 Rd2 39. Re7 Kf6 40. Rxa7 Rxb2 41. Kg3 b5 42. Ra6+ Ke5 43. Rxh6 Rb3+ 44. Nf3+ Kd5 45. Ra6 Kc5 46. Kf4 Bd5 47. Nd2 Rb2 48. Ke3 Bxg2 49. f4 Bd5 50. f5 Rc2 51. f6 Rc3+ 52. Kf4 Rd3 53. Ne4+ Kd4 54. Ng5 Rd2 55. Kf5 Rf2+ 56. Kg6 Rg2 57. Ra7 Kc3 58. Rd7 Bc4 59. f7 Bxf7+ 60. Rxf7 Kb3 61. Rf3+ Ka4 62. Kf6 Ra2 63. Ne4 Rxa3 64. Rf4 b4 65. Ke5 Ra2 66. Nc5+ Ka3 67. Rf3+ Kb2 68. Rb3+ Kc2 69. Rxb4 Ra1 70. Kd5 Rd1+ 71. Kc4 Rh1 72. Ne6 Rh4+ 73. Nd4+ Kd2 74. Rb2+ Ke3 75. Rb3+ Kd2 76. Rd3+ Kc1 77. Kc3 Rh2 78. Nb3+ Kb1 79. Rd1+ Ka2 80. Ra1# 1-0


[Site "https://www.chess.com"]

[Event "Titled Tuesday Blitz May 03 Early 2022"]
[White "Harshavardhan G B"]
[Black "Zia, Tahsin Tajwar"]
[WhiteFideId "25059009"]
[BlackFideId "10211888"]
[WhiteElo "1831"]
[BlackElo "1800"]
[Result "1-0"]
[Round "07"]
[TimeControl "180+1"]
[Date "2022.05.03"]
[WhiteClock "0:00:13"]
[BlackClock "0:00:04"]

1. d4 d5 2. c4 e6 3. Nf3 Nf6 4. g3 Bb4+ 5. Bd2 a5 6. Qc2 O-O 7. Bg2 c5 8. O-O cxd4 9. Nxd4 Nc6 10. Nxc6 bxc6 11. a3 Bxd2 12. Nxd2 Ba6 13. Rfc1 Qb6 14. e3 Rab8 15. Rab1 h5 16. b4 axb4 17. axb4 Qd8 18. Ra1 Qb6 19. c5 Qb7 20. Rcb1 Bb5 21. Nb3 e5 22. Qf5 Qe7 23. Ra3 g6 24. Qc2 h4 25. Rba1 Qe6 26. Ra7 Bc4 27. R1a4 Bb5 28. Ra3 Qg4 29. Qd2 h3 30. f3 Qf5 31. Bh1 Qb1+ 32. Qc1 Qf5 33. g4 Nxg4 34. fxg4 Qxg4+ 35. Kf2 Qf5+ 36. Kg3 Qg5+ 37. Kf2 Qf5+ 38. Ke1 Qg4 39. Kd2 Kg7 40. Kc3 Qf5 41. Qd1 Rh8 42. Nc1 Rh4 43. Rb3 Rc4+ 44. Kb2 Qf6 45. Ka2 Rh8 46. Nd3 Rhh4 47. e4 dxe4 48. Nb2 Rd4 49. Qe1 Qe6 50. Qxh4 Rxb4 51. Ra3 Ba4 52. Nxa4 Qc4 53. Qxh3 Qc2+ 54. Nb2 Rd4 55. Qc3 Qxh2 56. Bxe4 Rxe4 57. Ra7 Qf4 58. Qa5 g5 59. Qc7 g4 60. Qxc6 g3 61. Rxg3+ Qxg3 62. Qxe4 1-0


[Site "https://www.chess.com"]

[Event "Titled Tuesday Blitz May 03 Early 2022"]
[White "Horcajuelo Rocamora, Martin"]
[Black "Gottstein, Claudius-Thomas"]
[WhiteFideId "24573027"]
[BlackFideId "4653327"]
[WhiteElo "1822"]
[BlackElo "2109"]
[Result "1-0"]
[Round "07"]
[TimeControl "180+1"]
[Date "2022.05.03"]
[WhiteClock "0:02:21"]
[BlackClock "0:01:54"]

1. e4 c6 2. d4 d5 3. e5 c5 4. dxc5 Nc6 5. f4 h5 6. Be2 g6 7. c3 Nh6 8. Nf3 Bg4 9. Nd4 e6 10. O-O Bxc5 11. Bxg4 hxg4 12. Be3 Nf5 13. Nxf5 gxf5 14. Bxc5 Rxh2 15. Bf2 Kd7 16. Kxh2 Qh8+ 17. Kg1 Rg8 18. Bg3 1-0


[Site "https://www.chess.com"]

[Event "Titled Tuesday Blitz May 03 Early 2022"]
[White "Iljin, Timofey"]
[Black "Jobava, Baadur"]
[WhiteFideId "14110180"]
[BlackFideId "13601520"]
[WhiteElo "2483"]
[BlackElo "3003"]
[Result "0-1"]
[Round "07"]
[TimeControl "180+1"]
[Date "2022.05.03"]
[WhiteClock "0:00:19"]
[BlackClock "0:00:51"]

1. d4 Nf6 2. c4 c5 3. d5 b5 4. e4 d6 5. cxb5 Nxe4 6. Ne2 g6 7. Nec3 Nxc3 8. Nxc3 Bg7 9. a4 O-O 10. a5 Nd7 11. Be2 Nf6 12. O-O Rb8 13. Bg5 h6 14. Be3 Kh7 15. Qd2 Bf5 16. h3 h5 17. Rfe1 Qd7 18. Bf1 e6 19. dxe6 fxe6 20. Rad1 Rbd8 21. Bg5 d5 22. Bxf6 Bxf6 23. Ne4 Bxe4 24. Rxe4 Bd4 25. Rxd4 cxd4 26. Qxd4 Qg7 27. Qe3 e5 28. b4 e4 29. b6 axb6 30. Qxb6 d4 31. a6 d3 32. b5 Rd7 33. Qe3 Qf6 34. b6 Rd6 35. Qxe4 Qxf2+ 36. Kh1 Rxb6 37. Qe7+ Rf7 38. Qa7 Rxa7 39. Bxd3 Rd6 40. Rf1 Qxf1+ 41. Bxf1 Rd1 42. Kg1 Rxf1+ 43. Kxf1 Rxa6 44. Kf2 Ra3 45. Kg1 g5 46. Kh2 Kg6 47. h4 gxh4 48. Kg1 Kg5 49. Kh2 Kg4 50. Kg1 Kg3 51. Kf1 Ra2 52. Ke1 Rxg2 53. Kd1 h3 54. Ke1 Kh2 55. Kf1 Rg3 56. Ke1 Rg2 57. Kf1 h4 58. Ke1 Kg3 59. Kf1 h2 60. Ke1 h1=Q# 0-1


[Site "https://www.chess.com"]

[Event "Titled Tuesday Blitz May 03 Early 2022"]
[White "Ismagambetov, Anuar"]
[Black "Prraneeth Vuppala"]
[WhiteFideId "13701525"]
[BlackFideId "46622373"]
[WhiteElo "2780"]
[BlackElo "2567"]
[Result "1-0"]
[Round "07"]
[TimeControl "180+1"]
[Date "2022.05.03"]
[WhiteClock "0:00:15"]
[BlackClock "0:00:04"]

1. e4 e5 2. Nf3 Nc6 3. Bb5 a6 4. Ba4 Nf6 5. Nc3 b5 6. Bb3 Bc5 7. a4 Rb8 8. axb5 axb5 9. d3 h6 10. Nd5 d6 11. c3 O-O 12. O-O Nxd5 13. Bxd5 Ne7 14. Bb3 Ng6 15. d4 Bb6 16. Be3 Bb7 17. Bc2 exd4 18. Nxd4 Re8 19. Qf3 Qe7 20. Nf5 Qe6 21. Bxb6 cxb6 22. Qg3 d5 23. exd5 Bxd5 24. h3 Rbd8 25. Nd4 Qf6 26. Rfd1 Nf4 27. Kh2 Bxg2 28. Nf5 Rxd1 29. Rxd1 Be4 30. Nd6 Bxc2 31. Nxe8 Qe5 32. Re1 Qg5 33. Qxg5 hxg5 34. Nd6 Nd3 35. Re8+ Kh7 36. Nxf7 Bb3 37. Nxg5+ Kg6 38. Nf3 Nxb2 39. Rb8 Na4 40. Nd4 Bc4 41. f4 Nxc3 42. Rxb6+ Kh5 43. Kg3 Nd5 44. Rb8 b4 45. Nf5 Kg6 46. Nd6 Ba2 47. f5+ Kf6 48. Kg4 Ne3+ 49. Kf4 Nd5+ 50. Ke4 b3 51. h4 Nc3+ 52. Kf4 Nd5+ 53. Ke4 Nc3+ 54. Kd4 Na4 55. Ne4+ Kxf5 56. Rb5+ Kg4 57. Nd2 b2 58. Rb4 b1=Q 59. Nxb1 Kxh4 60. Nd2 g5 61. Rxa4 g4 62. Rxa2 1-0


[Site "https://www.chess.com"]

[Event "Titled Tuesday Blitz May 03 Early 2022"]
[White "Itkis, Boris"]
[Black "Antonio, Jorge Carlos"]
[WhiteFideId "1209167"]
[BlackFideId "113190"]
[WhiteElo "2207"]
[BlackElo "2247"]
[Result "1-0"]
[Round "07"]
[TimeControl "180+1"]
[Date "2022.05.03"]
[WhiteClock "0:00:07"]
[BlackClock "0:00:25"]

1. Nf3 d5 2. e3 Nf6 3. b3 Bg4 4. Bb2 c5 5. h3 Bh5 6. Be2 Nc6 7. O-O Bxf3 8. Bxf3 e5 9. d4 e4 10. Be2 cxd4 11. exd4 Bd6 12. c4 O-O 13. Nc3 Bc7 14. cxd5 Nxd5 15. Nxe4 Qh4 16. Bf3 Rad8 17. Qc2 Qf4 18. Ng3 Ne3 19. fxe3 Qxg3 20. Qf5 Rfe8 21. Qg4 Qxg4 22. Bxg4 Rxe3 23. Rad1 g6 24. Bf3 Nb4 25. Bxb7 Nxa2 26. d5 Bb6 27. Kh1 Re2 28. Ba1 Nb4 29. d6 Nc2 30. Bf6 Ne3 31. Bxd8 Bxd8 32. d7 Nxd1 33. Rxd1 Re7 34. Bc6 f5 35. Ra1 Bb6 36. Ra6 Bd8 37. Rxa7 Kf7 38. Ra8 Bb6 39. d8=Q Bxd8 40. Rxd8 Kf6 41. Rf8+ Kg5 42. b4 Re1+ 43. Kh2 Rb1 44. b5 Rc1 45. Rc8 Rb1 46. Rb8 f4 47. Bf3 Kf5 48. b6 g5 49. b7 h5 50. Rf8+ 1-0


[Site "https://www.chess.com"]

[Event "Titled Tuesday Blitz May 03 Early 2022"]
[White "Jakubiec, Artur"]
[Black "Kadam, Om Manish"]
[WhiteFideId "1103261"]
[BlackFideId "45076294"]
[WhiteElo "2473"]
[BlackElo "1729"]
[Result "0-1"]
[Round "07"]
[TimeControl "180+1"]
[Date "2022.05.03"]
[WhiteClock "0:00:15"]
[BlackClock "0:00:23"]

1. f4 d5 2. Nf3 Nf6 3. g3 g6 4. Bg2 Bg7 5. O-O O-O 6. d3 c5 7. Nc3 Nc6 8. e3 Qc7 9. Qe2 a6 10. e4 dxe4 11. dxe4 Nd4 12. Qd1 Rd8 13. Bd2 Bg4 14. e5 Ne8 15. Qc1 b5 16. Nxd4 cxd4 17. Ne4 Rac8 18. c3 Qd7 19. Re1 Bh3 20. Qd1 Bxg2 21. Kxg2 d3 22. Qf3 Qd5 23. Re3 Nc7 24. Nf2 e6 25. Rae1 Bf8 26. Rxd3 Qxf3+ 27. Kxf3 Rxd3+ 28. Nxd3 Rd8 29. Ke2 h5 30. Rd1 Nd5 31. Be3 Rc8 32. Bd4 h4 33. Nf2 Be7 34. Ne4 b4 35. Rc1 bxc3 36. Bxc3 Rb8 37. b3 Rc8 38. Bd2 Ra8 39. Rc4 Nb6 40. Rc6 Nd5 41. Nd6 a5 42. Nc8 Bf8 43. Rc4 hxg3 44. hxg3 Bb4 45. Be3 Ra6 46. Bc5 a4 47. Bxb4 axb3 48. axb3 Ra2+ 49. Kf3 Rb2 50. Bd6 Rxb3+ 51. Kg4 Ne3+ 52. Kg5 Nxc4 53. Kf6 Rxg3 54. Ne7+ Kh7 55. Kxf7 Rg4 56. Kxe6 Rxf4 57. Kd5 Ne3+ 58. Ke6 g5 59. Kd7 g4 60. e6 Rd4 61. Kc7 Rxd6 62. Kxd6 g3 63. Nf5 Nxf5+ 64. Ke5 g2 65. Kxf5 g1=Q 66. Kf6 Qg8 67. Ke7 Kg6 0-1


[Site "https://www.chess.com"]

[Event "Titled Tuesday Blitz May 03 Early 2022"]
[White "Jian, Alex"]
[Black "Lohani, Sujana"]
[WhiteFideId "30901022"]
[BlackFideId "12311987"]
[WhiteElo "2111"]
[BlackElo "1691"]
[Result "1-0"]
[Round "07"]
[TimeControl "180+1"]
[Date "2022.05.03"]
[WhiteClock "0:02:12"]
[BlackClock "0:01:47"]

1. d4 Nf6 2. c4 e6 3. Nc3 b6 4. e4 Bb4 5. Bd3 d6 6. Qa4+ Nc6 7. Qxc6+ Bd7 8. Qb7 a5 9. e5 Nd5 10. cxd5 Rb8 11. Qa6 Ra8 12. Qc4 c5 13. dxc6 1-0


[Site "https://www.chess.com"]

[Event "Titled Tuesday Blitz May 03 Early 2022"]
[White "Jones, Gawain C B"]
[Black "Bortnyk, Olexandr"]
[WhiteFideId "409561"]
[BlackFideId "14120828"]
[WhiteElo "2657"]
[BlackElo "2723"]
[Result "1-0"]
[Round "07"]
[TimeControl "180+1"]
[Date "2022.05.03"]
[WhiteClock "0:01:00"]
[BlackClock "0:00:02"]

1. Nf3 d6 2. d4 Nf6 3. Nc3 Nbd7 4. e4 e5 5. Rg1 h6 6. g4 c6 7. Be3 b5 8. a3 Bb7 9. Qd2 a5 10. dxe5 dxe5 11. Bd3 Qc7 12. a4 b4 13. Ne2 Nc5 14. Bxc5 Bxc5 15. g5 hxg5 16. Qxg5 O-O-O 17. Qf5+ Qd7 18. Qxe5 Bb6 19. Qf4 Rhe8 20. O-O-O Qe6 21. e5 Qa2 22. Qc4 Qa1+ 23. Kd2 Qxb2 24. exf6 1-0


[Site "https://www.chess.com"]

[Event "Titled Tuesday Blitz May 03 Early 2022"]
[White "Kamsky, Gata"]
[Black "Jumabayev, Rinat"]
[WhiteFideId "2000024"]
[BlackFideId "13702661"]
[WhiteElo "2645"]
[BlackElo "2561"]
[Result "1/2-1/2"]
[Round "07"]
[TimeControl "180+1"]
[Date "2022.05.03"]
[WhiteClock "0:00:38"]
[BlackClock "0:00:43"]

1. d4 Nf6 2. Nf3 e6 3. Bf4 b6 4. e3 Bb7 5. a4 a6 6. Nbd2 Nh5 7. Bg5 Be7 8. h4 h6 9. Bxe7 Qxe7 10. Bd3 d6 11. Qe2 Nd7 12. g4 Nhf6 13. Rg1 d5 14. c3 Ne4 15. Bc2 Nd6 16. e4 dxe4 17. Nxe4 O-O-O 18. O-O-O Kb8 19. g5 hxg5 20. hxg5 Rh3 21. Kb1 a5 22. Nfd2 Rh2 23. Nf3 Rh3 24. Nfd2 Rh2 25. Nf3 Rh3 1/2-1/2


[Site "https://www.chess.com"]

[Event "Titled Tuesday Blitz May 03 Early 2022"]
[White "Kanyamarala, Tarun"]
[Black "Khamdamova, Afruza"]
[WhiteFideId "45004714"]
[BlackFideId "14210444"]
[WhiteElo "2177"]
[BlackElo "1660"]
[Result "1/2-1/2"]
[Round "07"]
[TimeControl "180+1"]
[Date "2022.05.03"]
[WhiteClock "0:01:09"]
[BlackClock "0:00:35"]

1. d4 Nf6 2. Nc3 d5 3. Bf4 e6 4. Nb5 Na6 5. e3 c6 6. Nc3 Nc7 7. Nf3 Bd6 8. Bd3 O-O 9. h4 Bxf4 10. exf4 b6 11. Ne5 Bb7 12. g4 c5 13. g5 Nd7 14. Qh5 g6 15. Qh6 Nxe5 16. dxe5 d4 17. Ne4 Bxe4 18. Bxe4 Qe7 19. Bxa8 Rxa8 20. h5 Nd5 21. Rh4 Nb4 22. O-O-O Nxa2+ 23. Kb1 Nb4 24. Rdh1 d3 25. cxd3 Qd7 26. R4h3 Qa4 27. hxg6 Qc2+ 28. Ka1 Qa4+ 29. Kb1 Qc2+ 30. Ka1 Qa4+ 31. Kb1 1/2-1/2


[Site "https://www.chess.com"]

[Event "Titled Tuesday Blitz May 03 Early 2022"]
[White "Karolczuk, Iwo"]
[Black "Nguyen Hong Nhung"]
[WhiteFideId "21816972"]
[BlackFideId "12412201"]
[WhiteElo "2277"]
[BlackElo "1758"]
[Result "0-1"]
[Round "07"]
[TimeControl "180+1"]
[Date "2022.05.03"]
[WhiteClock "0:00:01"]
[BlackClock "0:00:45"]

1. e4 c5 2. Nf3 e6 3. Be2 Nc6 4. O-O a6 5. Re1 Qc7 6. a3 Nf6 7. Bf1 d6 8. b4 cxb4 9. axb4 Nxb4 10. c3 Nc6 11. d4 Be7 12. d5 Nd8 13. Bb5+ Bd7 14. Bxd7+ Qxd7 15. c4 O-O 16. Nc3 Rc8 17. Na4 Qc7 18. Bb2 b5 19. cxb5 axb5 20. Nc3 b4 21. Nb5 Qb6 22. Nbd4 Re8 23. Qd3 exd5 24. exd5 Nb7 25. Nc6 Nxd5 26. Na7 Ra8 27. Qxd5 Rxa7 28. Ng5 Nd8 29. Bd4 Qb7 30. Qb3 Rxa1 31. Bxa1 h6 32. Nf3 Qd7 33. Nd4 Bf6 34. Rd1 Qe7 35. Qxb4 Bxd4 36. Bxd4 Nc6 0-1


[Site "https://www.chess.com"]

[Event "Titled Tuesday Blitz May 03 Early 2022"]
[White "Karthikeyan, Murali"]
[Black "Al-Tarboush, Ward"]
[WhiteFideId "5074452"]
[BlackFideId "7601450"]
[WhiteElo "2579"]
[BlackElo "2276"]
[Result "0-1"]
[Round "07"]
[TimeControl "180+1"]
[Date "2022.05.03"]
[WhiteClock "0:00:03"]
[BlackClock "0:00:05"]

1. Nf3 d5 2. g3 Nf6 3. Bg2 c6 4. O-O Bf5 5. d3 e6 6. Nbd2 Nbd7 7. b3 h6 8. Bb2 Be7 9. Re1 O-O 10. e4 Bh7 11. Ne5 Nxe5 12. Bxe5 a5 13. a4 Qd7 14. h4 Rfe8 15. Bb2 Qc7 16. e5 Nd7 17. Nf1 b6 18. Nh2 b5 19. Ng4 bxa4 20. Rxa4 Bb4 21. Re2 Nb6 22. Ra1 Bf8 23. Bc1 a4 24. bxa4 Nxa4 25. Qe1 Reb8 26. Bf4 Bb4 27. Bd2 Bf8 28. f4 c5 29. Kh2 c4 30. dxc4 Qxc4 31. Ne3 Qc5 32. f5 Nb6 33. fxe6 fxe6 34. Bh3 Qc6 35. Rb1 d4 36. Ng2 Nd5 37. Rc1 Rb2 38. c4 dxc3 39. Bxc3 Rxe2 40. Qxe2 Nxc3 41. Qe3 Rc8 42. Nf4 Bf5 43. Bxf5 exf5 44. Ne2 Bb4 45. e6 Qc5 46. Qf3 Qb5 47. Nxc3 Bxc3 48. Rxc3 Qb2+ 0-1


[Site "https://www.chess.com"]

[Event "Titled Tuesday Blitz May 03 Early 2022"]
[White "Kashtanov, Ruslan"]
[Black "Rohith Krishna S"]
[WhiteFideId "4124871"]
[BlackFideId "46617051"]
[WhiteElo "2486"]
[BlackElo "2734"]
[Result "0-1"]
[Round "07"]
[TimeControl "180+1"]
[Date "2022.05.03"]
[WhiteClock "0:00:06"]
[BlackClock "0:00:12"]

1. d4 d5 2. c4 e6 3. Nf3 Nf6 4. g3 Be7 5. Bg2 dxc4 6. Qa4+ Nc6 7. O-O O-O 8. Rd1 a6 9. Nc3 Nb4 10. Ne5 Rb8 11. a3 Nbd5 12. Qxc4 b5 13. Qd3 Bb7 14. Nxd5 exd5 15. Bf4 Ne4 16. Rac1 c5 17. dxc5 Nxc5 18. Qe3 Ne6 19. Nc6 Bxc6 20. Bxb8 d4 21. Rxc6 dxe3 22. Rxd8 exf2+ 23. Kxf2 Rxd8 24. Ba7 h6 25. b4 Rd2 26. Rxa6 Bf6 27. Be3 Ra2 28. Ra5 Nd4 29. Bd5 Rxe2+ 30. Kf1 Rxe3 31. Ra8+ Kh7 32. Bxf7 g5 33. Rb8 Be5 34. Rb7 Kg7 35. Bd5+ Kf6 36. a4 bxa4 37. Rb6+ Kg7 38. b5 a3 39. Rb7+ Kf6 40. b6 a2 41. Bxa2 Ra3 42. Bd5 Ra1+ 43. Kf2 Rb1 44. Ke3 Nf5+ 45. Ke4 Nd6+ 0-1


[Site "https://www.chess.com"]

[Event "Titled Tuesday Blitz May 03 Early 2022"]
[White "Khabinets, Ivan"]
[Black "Navalgund, Niranjan"]
[WhiteFideId "14115980"]
[BlackFideId "5030854"]
[WhiteElo "2114"]
[BlackElo "2290"]
[Result "0-1"]
[Round "07"]
[TimeControl "180+1"]
[Date "2022.05.03"]
[WhiteClock "0:00:03"]
[BlackClock "0:00:21"]

1. e4 e5 2. Nf3 Nc6 3. Bb5 g5 4. d4 exd4 5. Bxg5 Be7 6. Bxe7 Qxe7 7. O-O Nf6 8. Nxd4 Qe5 9. Bxc6 dxc6 10. Nc3 Rg8 11. f4 Qc5 12. e5 Bg4 13. Qd2 O-O-O 14. exf6 Rxd4 15. Qf2 Bh3 16. Ne4 Qb6 17. Ng5 Bxg2 18. Kxg2 h6 19. h4 hxg5 20. hxg5 c5 21. c3 Re4 22. Rae1 Rxe1 23. Rxe1 Qxf6 24. Re8+ Kd7 25. Rxg8 Qf5 26. Qd2+ Kc6 27. Re8 Qg4+ 28. Kf2 Qh4+ 29. Ke2 Qg4+ 30. Ke1 Qg1+ 31. Ke2 Qg4+ 32. Kd3 Qd7+ 33. Kc2 Qxe8 34. Qg2+ Kb6 35. Qf2 Qe4+ 36. Kc1 Qh1+ 37. Kc2 Qe4+ 38. Kb3 Kb5 39. a3 Qb1 40. Qe2+ Kb6 41. Qd2 a5 42. c4 Qe4 43. a4 Ka6 44. Kc3 Qf3+ 45. Kc2 Qe4+ 46. Kc3 Qf3+ 47. Kc2 b6 48. b3 Ka7 49. Kb2 Qe4 50. Qf2 Qd3 51. f5 Qe4 52. Kc3 Qe5+ 53. Kc2 Qa1 54. Qf4 Qa2+ 55. Kc3 Qa1+ 56. Kd3 Qd1+ 57. Ke4 Kb7 58. Qf3 Qd4# 0-1


[Site "https://www.chess.com"]